[Event "Hungarian Youth-ch U18 2022"]
[Site "Eger"]
[Date "2022.07.25"]
[Round "3.3"]
[White "Juhasz, Agoston"]
[Black "Forgacs, Attila Jr."]
[Result "1-0"]
[ECO "E94"]
[WhiteElo "2344"]
[BlackElo "2215"]
[Annotator "TA"]
[PlyCount "71"]
[EventDate "2022.07.21"]
[EventType "tourn"]
[EventCountry "HUN"]
[SourceTitle "playchess.com"]
[Source "ChessBase"]
[SourceQuality "1"]
[TimeControl "40/5400+30:1800+30"]

1. d4 Nf6 2. c4 d6 3. Nc3 Nbd7 4. e4 e5 5. Nf3 g6 6. Be2 Bg7 7. O-O O-O 8. Be3 c6 9. d5 c5 10. Ne1 Ne8 11. g4 f5 12. exf5 {[%emt 0:00:33] E94: King's Indian: Classical: 6 Be2 e5 7 0-0: Various Black 7th moves.} gxf5 13. gxf5 Nb6 14. Nf3 {[%emt 0:01:17] White is better.} Bxf5 15. Ng5 {[%emt 0:00:57] Prevents e4.} Qe7 16. Kh1 Nf6 17. Rg1 Kh8 18. f3 e4 {[%emt 0:00:25] [#] Prevents Bd3. Strongly threatening ...exf3.} 19. f4 {[%emt 0:02:15] [#]} Rg8 $146 ({Predecessor:} 19... h6 20. Ne6 Bxe6 21. dxe6 Qxe6 22. f5 Qxf5 23. Qxd6 Rad8 24. Qxc5 Qe6 25. Rg6 Rc8 {1-0 (42) Michaelsen,N (2440)-Maiwald,J (2490) Germany 1996}) 20. Qe1 {[%emt 0:11:10] White is more active.} (20. Rb1 $14) 20... Bh6 $2 {[%emt 0:07:38] White stays focused until the end.} (20... h6 $11 {and Black is okay.}) 21. Nb5 (21. b4 $18) 21... Bxg5 $2 (21... Nc8 $16 {was called for.}) 22. fxg5 $18 Nfd7 23. b4 a6 $2 {[%emt 0:06:09] [#]} (23... Raf8 24. bxc5 dxc5 25. Qc3+ (25. Nxa7 Rg7 $18) 25... Rg7 26. Nxa7 Ra8) 24. Nxd6 $1 Qxd6 25. bxc5 Nxc5 26. Qf2 Nbd7 27. Bd4+ Rg7 28. Qxf5 Rf8 29. Qh3 {[%emt 0:06:12] Hoping for Qh6.} Ne5 30. Qh6 Qe7 31. d6 Qe8 32. Bxc5 {[%emt 0:01:06] A strong pair of Bishops.} Qc6 33. Be3 Nd3 34. Rgf1 {[%emt 0:01:48] White mates.} Rf2 35. Rxf2 Nxf2+ 36. Kg1 {[%emt 0:00:36] Weighted Error Value: White=0.16 (very precise) /Black=0.95} 1-0

[Event "Hungarian Youth-ch U18 2022"]
[Site "Eger"]
[Date "2022.07.25"]
[Round "3.4"]
[White "Sulyok, Eszter"]
[Black "Juhasz, Judit"]
[Result "*"]
[WhiteElo "2091"]
[BlackElo "2037"]
[Annotator "TA"]
[PlyCount "26"]
[EventDate "2022.07.21"]
[EventType "tourn"]
[EventCountry "HUN"]
[SourceTitle "playchess.com"]
[Source "ChessBase"]
[SourceQuality "1"]
[TimeControl "40/5400+30:1800+30"]

1. Nf3 d5 2. g3 Nf6 3. Bg2 c6 4. O-O Bf5 5. b3 e6 6. Bb2 Bd6 7. d3 {[%emt 0:00:16] A07: Réti Opening: New York and Capablanca Systems.} O-O 8. Nbd2 h6 9. Re1 {[%emt 0:00:24] [#] Strongly threatening e4.} Be7 10. e4 Bh7 {[%emt 0:00:08] [#]} 11. Qe2 $146 ({Predecessor:} 11. e5 Nfd7 12. Qe2 Qc7 13. c4 Nb6 14. Nd4 N8d7 15. cxd5 Nxd5 16. f4 Nc5 17. Ne4 {1-0 (32) Abdulla,A (1789)-Mohamed,M (1599) Abu Dhabi 2012}) 11... a5 12. a3 Qb6 13. Rab1 Qa6 {[%emt 0:02:47] Not much happened in this game.  Weighted Error Value: White=0.04 (flawless) /Black=0.01 (flawless)} (13... Nbd7 $11 {was preferrable.}) *

[Event "Hungarian Youth-ch U18 2022"]
[Site "Eger"]
[Date "2022.07.25"]
[Round "3.4"]
[White "Toth, Nikoletta"]
[Black "Sulyok, Eszter"]
[Result "1-0"]
[ECO "A06"]
[WhiteElo "1914"]
[BlackElo "2091"]
[Annotator "TA"]
[PlyCount "63"]
[EventDate "2022.07.21"]
[EventType "tourn"]
[EventCountry "HUN"]
[SourceTitle "playchess.com"]
[Source "ChessBase"]
[SourceQuality "1"]
[TimeControl "40/5400+30:1800+30"]

1. Nf3 d5 2. g3 Nf6 3. Bg2 c6 4. O-O Bf5 5. b3 e6 6. Bb2 Bd6 7. d3 {[%emt 0:00:16] A07: Réti Opening: New York and Capablanca Systems.} O-O 8. Nbd2 h6 9. Re1 {[%emt 0:00:24] White is slightly better.} (9. e4 $5 dxe4 10. dxe4 Nxe4 11. Nxe4 Bxe4 12. Re1 (12. Qd4 Qf6 $11) 12... Bxf3 13. Qxf3 $11 (13. Bxf3 Qe7 $11)) 9... Be7 10. e4 Bh7 {[%emt 0:00:08] [#]} 11. Qe2 $146 ({Predecessor:} 11. e5 Nfd7 12. Qe2 Qc7 13. c4 Nb6 14. Nd4 N8d7 15. cxd5 Nxd5 16. f4 Nc5 17. Ne4 {1-0 (32) Abdulla,A (1789)-Mohamed,M (1599) Abu Dhabi 2012}) 11... a5 12. a3 Qb6 13. Rab1 Qa6 14. c4 (14. Ne5 $14) 14... Nbd7 $11 15. Nd4 Rfc8 16. Rbd1 Bf8 17. Kh1 (17. exd5 $11 exd5 18. Qf3) 17... b5 18. f4 (18. cxb5 $11 cxb5 19. f4) 18... Rab8 (18... bxc4 $15 19. bxc4 (19. dxc4 Nc5 $11) 19... Rcb8) 19. f5 (19. cxb5 $14 {stays ahead.} cxb5 20. e5) 19... e5 $17 20. N4f3 bxc4 21. dxc4 dxe4 (21... d4 $17 22. Ra1 Qa7) 22. Nxe5 $11 Nc5 23. Qe3 (23. Nxe4 Ncxe4 24. Bxe4 Rxb3 $11) (23. b4 $14 axb4 24. axb4 Rxb4 25. Bc3) 23... Re8 {[%emt 0:09:55] White must now prevent ...Qc8.} 24. Bd4 $1 {[%emt 0:03:37] [#]} (24. Nxe4 $2 Nfxe4 25. Bxe4 Rxb3 $19) 24... Rxe5 25. Bxe5 $16 Ng4 26. Qd4 (26. Bxb8 $2 {loses.} Nxe3 27. Rxe3 Qb6 $19) 26... Re8 {[%emt 0:01:19] [#] And now ...Nd3 would win.} 27. Nxe4 $1 Nxb3 {[%emt 0:01:18] [#]} 28. Qb2 {[%emt 0:01:02] Hoping for Bd6.} Rxe5 {[%emt 0:00:21] [#] Loses the game.} ({Black should play} 28... Nxe5 $14 29. Qxb3 Bxf5) 29. h3 $1 $18 ({Not} 29. Qxb3 Bxf5 30. Qf3 Qxc4 $11) 29... Nf2+ 30. Qxf2 {[%emt 0:01:07] aiming for Qf4.} ({Resist} 30. Nxf2 Rxe1+ 31. Rxe1 Qxc4 $18) 30... Qxc4 $2 (30... a4 31. Nd6 Qa5) 31. Qf4 Rxf5 {[%emt 0:00:25] [#]} 32. Nf6+ $1 {[%emt 0:00:26][%mdl 576] Discovered Attack.  Weighted Error Value: White=0.27 (precise) /Black=0.63} 1-0

[Event "Hungarian Youth-ch U18 2022"]
[Site "Eger"]
[Date "2022.07.25"]
[Round "3.5"]
[White "Juhasz, Judit"]
[Black "Ivan, Reka Gyongyver"]
[Result "1-0"]
[ECO "B12"]
[WhiteElo "2037"]
[BlackElo "1877"]
[Annotator "TA"]
[PlyCount "77"]
[EventDate "2022.07.21"]
[EventType "tourn"]
[EventCountry "HUN"]
[SourceTitle "playchess.com"]
[Source "ChessBase"]
[SourceQuality "1"]
[TimeControl "40/5400+30:1800+30"]

1. e4 c6 2. d4 d5 3. e5 Bf5 4. h4 h5 5. c4 e6 6. Nc3 Nd7 7. cxd5 cxd5 8. Bd3 $1 {[%emt 0:00:16] The main line 8.Bd3 scores better than 8.Bg5. B12: Caro-Kann: Advance Variation.} Bxd3 9. Qxd3 Ne7 10. Bg5 {[%emt 0:01:36] [#] Nb5 is the strong threat. White is slightly better.} Qb6 11. Nge2 Nf5 {[%emt 0:02:45] [#]} (11... Nc6 $11 {keeps the balance.}) 12. Nxd5 $146 (12. f3 Rc8 13. g4 hxg4 14. fxg4 Ne7 15. O-O-O Nc6 16. Kb1 Na5 17. Rhf1 Nc4 18. b3) ({Predecessor:} 12. f3 Rc8 13. g4 hxg4 14. fxg4 Ne7 15. O-O-O Nc6 16. Kb1 Na5 17. Rhf1 Nc4 18. b3 {1-0 (35) Blackman,J (2192)-Turincio Garcia,S (2155) Chess.com INT 2020}) 12... exd5 {[%emt 0:05:47] Loses the game.} (12... Qa5+ $16 13. Ndc3 Be7) 13. Qxf5 $18 Bb4+ 14. Kf1 Nf8 15. a3 Be7 (15... Qa6 $142 16. Qf3 Ne6 17. Qxd5 O-O) 16. Rh3 (16. Bxe7 $18 {and the rest is easy.} Kxe7 17. Qg5+ Ke8 18. Qxg7) 16... Qe6 (16... g6 $16 17. Qc2 Bxg5) 17. Qd3 Ng6 (17... Bxg5 {is a better defense.} 18. hxg5 O-O-O) 18. Qb5+ Qd7 19. Rb3 {[%emt 0:00:44][%cal Bh3b3,Bb3b5,Bb5d5][%mdl 32] [#] aiming for Qxd7+.} b6 20. Rc1 Rd8 21. Rc7 Qxb5 22. Rxb5 Rd7 23. Rc8+ Bd8 24. Rxd8+ Rxd8 25. Bxd8 Kxd8 26. Rxd5+ {[%emt 0:00:49][%mdl 4096] Endgame KRN-KRN} Ke7 27. g3 Rc8 28. Nc3 Rc6 29. Ke2 Nf8 30. Rb5 a6 31. Rb3 {[%emt 0:00:41] White is clearly winning.} b5 32. Kd3 Nd7 33. Nd5+ Kd8 34. Rc3 {[%emt 0:00:16] Inhibits Rc1.} Re6 35. f4 g6 36. Nb4 Nb6 37. d5 Re8 38. Kd4 Nc4 39. b3 {[%emt 0:01:30] Weighted Error Value: White=0.15 (very precise) /Black=0.43} 1-0

[Event "Hungarian Youth-ch U18 2022"]
[Site "Eger"]
[Date "2022.07.25"]
[Round "3.6"]
[White "Buri, Kata"]
[Black "Kiss, Eniko"]
[Result "1-0"]
[ECO "C44"]
[WhiteElo "1730"]
[BlackElo "1646"]
[Annotator "NA RC COMBH"]
[PlyCount "57"]
[EventDate "2022.07.21"]
[EventType "tourn"]
[EventCountry "HUN"]
[SourceTitle "playchess.com"]
[Source "ChessBase"]
[SourceQuality "1"]
[TimeControl "40/5400+30:1800+30"]

1. e4 e5 2. Nf3 Nc6 3. d4 exd4 4. Nxd4 Nxd4 5. Qxd4 Qf6 6. Qc4 c6 7. Nc3 b5 8. Qd3 Bb4 9. Bd2 Ne7 10. Be2 Ng6 11. O-O Nf4 12. Qe3 Nxe2+ 13. Qxe2 O-O 14. a3 Bc5 15. e5 Qf5 16. Ne4 Be7 17. Bc3 Rd8 18. Rad1 a5 19. Nd6 Qe6 20. Rfe1 Ba6 21. Qd2 a4 22. Qd4 f6 23. exf6 Qxf6 24. Qe3 Qxd6 25. Rxd6 Bxd6 26. Qd4 Bf8 27. Re7 c5 28. Qd5+ Kh8 29. Qg5 1-0

[Event "Hungarian Youth-ch U18 2022"]
[Site "Eger"]
[Date "2022.07.25"]
[Round "3.7"]
[White "Somogyi, Barbara"]
[Black "Koltai, Dora"]
[Result "0-1"]
[ECO "C42"]
[WhiteElo "1682"]
[BlackElo "1764"]
[Annotator "NA RC COMBH"]
[PlyCount "106"]
[EventDate "2022.07.21"]
[EventType "tourn"]
[EventCountry "HUN"]
[SourceTitle "playchess.com"]
[Source "ChessBase"]
[SourceQuality "1"]
[TimeControl "40/5400+30:1800+30"]

1. e4 e5 2. Nf3 Nf6 3. Nxe5 d6 4. Nf3 Nxe4 5. Nc3 Nxc3 6. dxc3 Be7 7. Bf4 O-O 8. Qd2 Nd7 9. O-O-O Nc5 10. Bd3 Re8 11. Rdg1 c6 12. Kb1 Na4 13. Be3 Qa5 14. h4 Be6 15. a3 Bf6 16. Nd4 c5 17. Nxe6 fxe6 18. Ka2 b5 19. Bg5 Nxc3+ 20. Ka1 Bd4 21. Be3 b4 22. Bxd4 cxd4 23. Bc4 d5 24. Bb3 Rab8 25. Re1 Ne4 26. Qxd4 bxa3 27. f3 Nc5 28. Re3 Nxb3+ 29. cxb3 Rb6 30. Rc1 axb2+ 31. Kxb2 Ra6 32. Kc2 Rc6+ 33. Rc3 Rxc3+ 34. Qxc3 Qxc3+ 35. Kxc3 Rc8+ 36. Kd2 Rxc1 37. Kxc1 Kf7 38. Kd2 Ke7 39. Ke3 Kd6 40. Kd3 Kc5 41. Kc3 d4+ 42. Kd3 e5 43. g3 Kb4 44. h5 Kxb3 45. f4 exf4 46. h6 g5 47. gxf4 gxf4 48. Kxd4 a5 49. Ke4 a4 50. Kxf4 a3 51. Kf5 a2 52. Ke6 a1=Q 53. Kf7 Qg1 0-1

[Event "Hungarian Youth-ch U18 2022"]
[Site "Eger"]
[Date "2022.07.26"]
[Round "4.1"]
[White "Karacsonyi, Gellert"]
[Black "Juhasz, Agoston"]
[Result "1-0"]
[ECO "A48"]
[WhiteElo "2338"]
[BlackElo "2344"]
[Annotator "TA"]
[PlyCount "81"]
[EventDate "2022.07.21"]
[EventType "tourn"]
[EventCountry "HUN"]
[SourceTitle "playchess.com"]
[Source "ChessBase"]
[SourceQuality "1"]
[TimeControl "40/5400+30:1800+30"]

1. d4 Nf6 2. Nf3 g6 3. Bg5 Bg7 4. Nbd2 O-O 5. e4 d5 6. exd5 Nxd5 7. c3 Bf5 {[%emt 0:09:22] A48: 1 d4 Nf6 2 Nf3 g6: Torre, London and Colle Systems.} 8. Bc4 c5 9. dxc5 h6 {[%emt 0:04:18] White is slightly better.} 10. Bh4 Nf4 {[%emt 0:04:02] [#] And now ...Bd3 would win.} 11. O-O {[%emt 0:01:16] [#]} g5 $146 ({Predecessor:} 11... Nd3 12. Bxd3 Bxd3 13. Re1 Nc6 14. Nb3 g5 15. Bg3 Bc4 16. Nfd2 Bd3 17. Nf3 Bc4 {1-0 (42) Polaczek,R (2398)-Akhayan,R (2277) Belgium 2013}) 12. Bg3 Nd3 13. Bxd3 Qxd3 14. Nb3 Nc6 15. Qxd3 Bxd3 {[%emt 0:00:02] A strong pair of Bishops.} 16. Rfe1 Rad8 17. h4 Bf6 18. hxg5 hxg5 19. Be5 Kg7 20. Bxf6+ Kxf6 21. Nfd4 Nxd4 22. Nxd4 e5 23. Nf3 Rd5 24. Re3 e4 25. Nd2 Rfd8 26. Rae1 Bc2 27. Nxe4+ Bxe4 28. Rxe4 Rxc5 $16 {[%emt 0:00:16][%mdl 4096] Endgame KRR-KRR} 29. Re7 Rb5 30. b4 {[%emt 0:05:19] Strongly threatening a4.} Rd2 (30... a5 $16 {was called for.}) 31. a4 $18 Rf5 32. Rxb7 Rdxf2 $2 (32... Kg6) 33. Rxa7 g4 (33... Kg6 $142 34. a5 R5f4) 34. Ra6+ Kg7 35. Ra5 R5f4 (35... Rxa5 36. Kxf2 (36. bxa5 Rf5 $16) 36... Rxa4) 36. Rg5+ {[%emt 0:00:15] White is clearly winning.} Kf6 {[%emt 0:00:59] [#]} 37. Rxg4 $3 Rf5 38. a5 {[%emt 0:00:34] Threatens to win with Ra1.} Rc2 39. Rg3 Rd5 40. Rf1+ Ke6 41. Re3+ {[%emt 0:00:20] Weighted Error Value: White=0.07 (flawless) /Black=0.26 (precise)} 1-0

[Event "Hungarian Youth-ch U18 2022"]
[Site "Eger"]
[Date "2022.07.26"]
[Round "4.2"]
[White "Daroczi, Donat"]
[Black "Virag, Balint"]
[Result "1-0"]
[ECO "B18"]
[WhiteElo "2163"]
[BlackElo "2164"]
[Annotator "TA"]
[PlyCount "97"]
[EventDate "2022.07.21"]
[EventType "tourn"]
[EventCountry "HUN"]
[SourceTitle "playchess.com"]
[Source "ChessBase"]
[SourceQuality "1"]
[TimeControl "40/5400+30:1800+30"]

1. e4 c6 2. Nc3 d5 3. d4 dxe4 4. Nxe4 Bf5 5. Ng3 Bg6 6. h4 h6 7. Nf3 e6 8. Ne5 Bh7 9. Bd3 Bxd3 10. Qxd3 Be7 {[%emt 0:02:28] B19: Classical Caro-Kann: 4...Bf5 main line.} (10... Nf6 $11) 11. h5 {[%emt 0:05:45] White is much more active.} (11. Nh5 $16 Bf6 12. Bf4) 11... Nf6 $11 12. Be3 Nbd7 {[%emt 0:00:53] The position is equal.} 13. O-O-O {[%emt 0:03:10] [#]} Qc7 $146 ({Predecessor:} 13... Nxe5 14. dxe5 Qxd3 15. Rxd3 Ng4 16. f4 Nxe3 17. Rxe3 O-O-O 18. Ne4 f5 19. exf6 gxf6 {½-½ (36) Jelagin,K (1878)-Vevera,R (2059) Czech Republic 2019}) 14. f4 Rd8 15. Ne4 Nxe4 16. Qxe4 Nf6 17. Qf3 Qa5 18. Kb1 Qd5 19. Qe2 b5 {[%emt 0:10:06] Black is now going downhill.} 20. g4 Ne4 {[%emt 0:04:11] ...Ng3 is the strong threat.} 21. Rhg1 {[%emt 0:00:29] Prevents Ng3.} Rb8 (21... Nd6 $142) 22. g5 (22. f5 $142) 22... b4 (22... Nd6 $16) 23. gxh6 $18 gxh6 24. Qa6 Qb5 25. Qxc6+ (25. Qxa7 Nc3+ 26. Kc1 Rb7 27. Qa8+ Rb8 $11) 25... Qxc6 26. Nxc6 Rb7 (26... Rb5 {is a better defense.} 27. d5 (27. Nxa7 Rxh5 28. Nc6 Rd5 $14) 27... Rxd5 28. Rxd5 (28. Bxa7 Rxd1+ 29. Rxd1 Rg8 $16) 28... exd5) 27. d5 Rd7 28. dxe6 fxe6 29. Rxd7 (29. Nxa7 $6 Rxd1+ 30. Rxd1 Rg8 $18) 29... Kxd7 30. Ne5+ ({Resist} 30. Nxa7 Nf6 31. Rd1+ Nd5) 30... Ke8 31. Bxa7 {[%emt 0:02:09] And now Re1 would win.} Rf8 32. Ng6 Rf5 {[%emt 0:00:17] [#]} 33. Re1 $1 Rxh5 34. c3 Nd2+ (34... Bc5 {might work better.} 35. Rxe4 Bxa7 36. Rxe6+ Kf7) 35. Kc2 bxc3 36. Kxc3 (36. Rxe6 $142 Kf7 37. Rxe7+ Kxg6 38. Kxc3) 36... Rh2 $2 (36... Bd6 {was worth a try.} 37. Re2 (37. Kxd2 Bb4+ 38. Ke2 Bxe1 $16) (37. Rxe6+ Kf7 $16) 37... Nf1 38. Rxe6+ Kd7) 37. Rxe6 Kf7 38. Rxe7+ Kxg6 {[%emt 0:00:02][%mdl 4096] Endgame KRB-KRN} 39. b4 Nb1+ 40. Kb3 Nd2+ 41. Kc3 Nb1+ {[%emt 0:00:13][%mdl 64] [#] Discovered Attack} 42. Kc4 Rxa2 43. b5 {[%emt 0:00:04] aiming for b6.} Ra4+ 44. Kd3 {[%emt 0:02:39] Threatens to win with b6.} Ra3+ 45. Kc2 {[%emt 0:04:58] Strongly threatening b6.} Nc3 46. b6 Nd5 47. Re6+ Kf5 48. Re5+ Kxf4 49. Rxd5 {[%emt 0:00:05] Weighted Error Value: White=0.23 (precise) /Black=0.50} 1-0

[Event "Hungarian Youth-ch U18 2022"]
[Site "Eger"]
[Date "2022.07.26"]
[Round "4.3"]
[White "Baski, Barnabas"]
[Black "Reviczki, Roland"]
[Result "1-0"]
[ECO "A05"]
[WhiteElo "2142"]
[BlackElo "2160"]
[Annotator "TA"]
[PlyCount "99"]
[EventDate "2022.07.21"]
[EventType "tourn"]
[EventCountry "HUN"]
[SourceTitle "playchess.com"]
[Source "ChessBase"]
[SourceQuality "1"]
[TimeControl "40/5400+30:1800+30"]

1. Nf3 Nf6 2. g3 g6 3. b3 Bg7 4. Bb2 O-O 5. Bg2 d6 6. d4 c5 7. c4 Qa5+ {[%emt 0:01:12] 7...Ne4 is the modern continuation.} 8. Qd2 {[%emt 0:03:33] E60: King's Indian: Unusual lines and Fianchetto Variation without Nc3.} (8. Nc3 $14 {was preferrable.}) 8... Qxd2+ $11 9. Nbxd2 {[%emt 0:00:10] [#]} Na6 $146 ({Predecessor:} 9... Nc6 10. d5 Nb4 11. O-O b5 12. a3 Na6 13. e4 bxc4 14. bxc4 Rb8 15. Bc3 Nd7 16. Bxg7 Kxg7 {1-0 (67) Jobava,B (2600)-Bakalchuk,J (2444) Chess.com INT 2022}) 10. d5 {[%emt 0:13:57] The position is equal.} e6 11. dxe6 Bxe6 12. Ng5 d5 13. Nxe6 fxe6 14. cxd5 exd5 (14... Nxd5 $14 15. Bxg7 Kxg7) 15. Bxf6 $16 Bxf6 16. Bxd5+ Kh8 {[%emt 0:00:06] Hoping for ...Nb4.} 17. Rd1 (17. Rc1 $1 $16 Rab8 18. Bg2) 17... Nb4 $14 18. Bxb7 Rae8 (18... Rad8 $1 $14) 19. Bf3 $16 Nxa2 20. O-O Nc3 21. Rde1 Rb8 22. Ra1 $1 Nb5 23. Ra6 Rb6 24. Rxb6 axb6 25. Nc4 Nd4 26. Nxb6 Nxf3+ 27. exf3 {[%emt 0:00:03][%mdl 4096] Endgame KRB-KRN} Bd4 28. f4 Rb8 29. Nc4 Rxb3 30. Rc1 Kg7 31. Rc2 Kf7 {[%emt 0:01:04] [#]} 32. Nd2 (32. Re2 $1 $16) 32... Rb2 (32... Rb5 $1 $11 {keeps the balance.}) 33. Rxb2 {White stays focused until the end.} Bxb2 {[%emt 0:00:08] KB-KN} 34. Kf1 Ke6 {[%emt 0:00:08] [#]} 35. Nc4 $1 Bd4 36. Ke2 Kd5 ({Better is} 36... Kd7) 37. Ne3+ Kc6 38. Kd3 {[%emt 0:01:10] Inhibits Bc3.} Kb5 39. g4 {[%emt 0:01:19] aiming for g5.} Bg7 (39... Kc6 $142 40. Ke4 Kb6) 40. f5 Be5 $2 (40... gxf5 41. Nxf5 (41. gxf5 Kc6 $16) 41... c4+ 42. Ke4 c3) 41. fxg6 $18 hxg6 42. h4 {[%emt 0:01:53] Black must now prevent Ke4.} Kb4 $2 (42... Kc6 43. Ke4 Bd4) 43. f4 ({Not} 43. h5 gxh5 44. gxh5 Bg7 $16) 43... Bh8 44. Kc2 {[%emt 0:07:11] White mates.} Ba1 45. Nd5+ Kc4 46. Ne7 Kd4 47. Nxg6 Ke4 48. h5 Bg7 49. g5 Kf5 50. h6 {[%emt 0:00:30] Weighted Error Value: White=0.10 (very precise) /Black=0.39} 1-0

[Event "Hungarian Youth-ch U18 2022"]
[Site "Eger"]
[Date "2022.07.26"]
[Round "4.4"]
[White "Koltai, Dora"]
[Black "Toth, Nikoletta"]
[Result "1-0"]
[ECO "C54"]
[WhiteElo "1764"]
[BlackElo "1914"]
[Annotator "TA"]
[PlyCount "95"]
[EventDate "2022.07.21"]
[EventType "tourn"]
[EventCountry "HUN"]
[SourceTitle "playchess.com"]
[Source "ChessBase"]
[SourceQuality "1"]
[TimeControl "40/5400+30:1800+30"]

1. e4 e5 2. Nf3 Nc6 3. d4 exd4 4. Bc4 Bc5 5. c3 Nf6 6. e5 d5 7. Bb5 Ne4 8. cxd4 Bb6 9. Nc3 O-O 10. Be3 {[%emt 0:00:20] C54: Giuoco Piano: 4 c3 Nf6, main lines with 5 d4 and 5 d3.} Nxc3 11. bxc3 {[%emt 0:00:09] [#]} h6 $146 ({Predecessor:} 11... f6 12. O-O Bg4 13. Be2 fxe5 14. Nxe5 Nxe5 15. Bxg4 Nxg4 16. Qxg4 Qf6 17. g3 Rae8 18. Bf4 Qe6 19. Qxe6+ {½-½ (19) Motylev,A (2633)-Alekseev,E (2591) Sochi 2022}) 12. O-O {[%emt 0:11:02] White has an edge.} Na5 13. Bd3 Qe7 14. Bc2 {[%emt 0:05:31] [#] Black must now prevent Qd3.} f5 15. exf6 (15. Bc1 $14) 15... Qxf6 $11 16. Bb3 c6 17. Ne5 {[%emt 0:02:59] Prevents Bg4.} Bc7 18. f4 Bf5 19. Qh5 Bxe5 20. dxe5 Qe6 21. Rac1 b6 22. Bc2 Nc4 23. Bxf5 Rxf5 24. Qe2 Re8 {[%emt 0:03:59][%cal Oc4e5] Threatens to win with ...Nxe5!} 25. Rce1 Re7 26. g4 Rf8 27. Qg2 Qd7 28. Bc1 Kf7 29. Re2 Ke8 $2 {[%emt 0:01:15] Loses the game.} (29... Kg8 $14) 30. Qg3 Kd8 31. f5 Kc8 32. e6 Qd6 (32... Qe8 $16 33. Bf4 Kb7) 33. Qxd6 $18 Nxd6 34. Bf4 Ne4 {[%emt 0:00:18] [#]} 35. Rxe4 dxe4 {[%emt 0:00:11][%mdl 4096] Endgame KRR-KRB} 36. Bd6 Rfe8 (36... Kd8 37. Rd1 Rf6 38. Bxe7+ Kxe7 39. Rd7+ Kf8 40. Rd8+ Ke7) 37. Bxe7 Rxe7 {[%emt 0:00:05] KR-KR} 38. Kf2 Kd8 39. Ke3 Rc7 40. Kxe4 Ke7 41. Ke5 {[%emt 0:04:01] Threatening mate with h4.} Rc8 42. Rd1 {[%emt 0:01:12] Rd7+ is the strong threat.} Rc7 {[%emt 0:00:54] Against Rd7+} 43. h4 {[%emt 0:00:52][%cal Bh2h4,Bh4g5][%mdl 32] White mates.} c5 44. g5 hxg5 45. hxg5 c4 46. f6+ Ke8 47. f7+ Ke7 48. Rd7+ {[%emt 0:00:13] Weighted Error Value: White=0.07 (flawless) /Black=0.48} 1-0

[Event "Hungarian Youth-ch U18 2022"]
[Site "Eger"]
[Date "2022.07.26"]
[Round "4.5"]
[White "Kiss, Eniko"]
[Black "Somogyi, Barbara"]
[Result "1-0"]
[ECO "A22"]
[WhiteElo "1646"]
[BlackElo "1682"]
[Annotator "NA RC COMBH"]
[PlyCount "53"]
[EventDate "2022.07.21"]
[EventType "tourn"]
[EventCountry "HUN"]
[SourceTitle "playchess.com"]
[Source "ChessBase"]
[SourceQuality "1"]
[TimeControl "40/5400+30:1800+30"]

1. c4 e5 2. g3 Nf6 3. Nc3 d5 4. cxd5 Nxd5 5. Bg2 Nb6 6. d3 Be7 7. Be3 Nc6 8. Rc1 Be6 9. Bxc6+ bxc6 10. Nf3 f6 11. d4 exd4 12. Nxd4 Bd7 13. Ne4 Bb4+ 14. Bd2 Qe7 15. Qc2 O-O-O 16. O-O Bxd2 17. Nxd2 c5 18. N4b3 Qxe2 19. Qxc5 c6 20. Rfe1 Qa6 21. Re7 g6 22. Qd6 Qb5 23. Nd4 Qd5 24. Rxc6+ Qxc6 25. Nxc6 Kb7 26. Nxd8+ Rxd8 27. Nb3 1-0

[Event "Hungarian Youth-ch U18 2022"]
[Site "Eger"]
[Date "2022.07.26"]
[Round "4.6"]
[White "Ivan, Reka Gyongyver"]
[Black "Buri, Kata"]
[Result "1-0"]
[ECO "A45"]
[WhiteElo "1877"]
[BlackElo "1730"]
[Annotator "NA RC COMBH"]
[PlyCount "87"]
[EventDate "2022.07.21"]
[EventType "tourn"]
[EventCountry "HUN"]
[SourceTitle "playchess.com"]
[Source "ChessBase"]
[SourceQuality "1"]
[TimeControl "40/5400+30:1800+30"]

1. d4 Nf6 2. Bg5 g6 3. Bxf6 exf6 4. c4 Bg7 5. Nc3 d6 6. g3 O-O 7. Bg2 c5 8. e3 Qb6 9. Qd2 (9. Nd5 $142 Qd8 10. Ne2) 9... Nc6 10. Nge2 f5 11. Nd5 Qd8 12. O-O a6 13. Rab1 Rb8 14. b4 cxd4 15. Nxd4 Ne5 16. Rfc1 b5 17. cxb5 axb5 18. Qe2 Bd7 19. Nc7 Rc8 20. Ncxb5 Qb6 21. a3 Nc6 22. Rd1 Nxd4 23. Nxd4 Rc3 24. Qa2 Rfc8 25. Bd5 Bxd4 26. Rxd4 Rc2 27. Qa1 Qa6 28. Bf3 Be6 (28... Bb5 $16 {was called for.}) 29. b5 Qb6 30. Bd5 $16 (30. Rdd1 $18 {is more deadly.}) 30... Bxd5 31. Rxd5 Qb7 32. Rbd1 R8c3 33. Qb1 Rc1 34. Rxc1 Rxc1+ 35. Qxc1 Qxd5 36. b6 Qb5 37. Qc8+ Kg7 38. b7 Qb1+ 39. Kg2 Qe4+ 40. f3 Qxe3 41. Qc2 Qb6 42. Qc3+ f6 43. Qb4 Qa6 44. Qb2 1-0